 Dungeon Crawl Stone Soup version 0.31-a0-202-g547052bce9 (webtiles) character file.

Game seed: 13473893735101171356

50 qw the Shooter (level 3, 20/20 HPs)
             Began as a Deep Elf Hunter on June 26, 2023.
             Quit the game on level 3 of the Dungeon.
             The game lasted 00:05:16 (1977 turns).

qw the Shooter (Deep Elf Hunter)                    Turns: 1977, Time: 00:05:17

Health: 20/20      AC:  9    Str: 10    XL:     3   Next: 55%
Magic:  5/5        EV: 11    Int: 13    God:
Gold:   116        SH:  0    Dex: 18    Spells: 2/2 levels left

rFire   . . .        Y - +1 shortbow
rCold   . . .        (shield currently unavailable)
rNeg    . . .        f - +0 ring mail
rPois   +            j - +2 hat
rElec   .            a - +1 cloak
rCorr   .            (no gloves)
SInv    .            (no boots)
Will    +....        (no amulet)
Stlth   +            k - ring of willpower
HPRegen 0.23/turn    b - ring of poison resistance
MPRegen 0.09/turn

%: no passive effects
@: no status effects
A: no striking features
a: no special abilities


You were on level 3 of the Dungeon.
You visited 1 branch of the dungeon, and saw 3 of its levels.

You collected 116 gold pieces.


   Skills:
 - Level 1.5 Fighting
 + Level 7.1 Ranged Weapons
 - Level 2.4 Dodging
 - Level 1.2 Stealth


You had 2 spell levels left.
You didn't know any spells.
Your spell library was empty.

Inventory:

Hand Weapons
 Y - a +1 shortbow (weapon)
Armour
 a - a +1 cloak (worn)
 f - a +0 ring mail (worn)
 j - a +2 hat (worn)
Jewellery
 b - a ring of poison resistance (right hand)
 d - a ring of willpower
 k - a ring of willpower (left hand)
Potions
 c - a potion of attraction {unknown}
 e - a potion of might {unknown}
 g - a potion of mutation {unknown}
 h - a potion of enlightenment {unknown}
 i - a potion of magic {unknown}
 l - a potion of cancellation {unknown}
 m - a potion of curing {unknown}

Dungeon Overview and Level Annotations

Branches:
Dungeon (3/15)

Altars:
Fedhas


Message History

Where to? (* - list waypoints, Enter - D:2, ? - help)
What level of the Dungeon? (default 1, ? - help) Sorry, I don't know how to get there.
1969 ||| Stepping randomly (stuck).
(D) Dungeon
Where to? (* - list waypoints, Enter - D:2, ? - help)
What level of the Dungeon? (default 1, ? - help) Sorry, I don't know how to get there.
1970 ||| Stepping randomly (stuck).
(D) Dungeon
Where to? (* - list waypoints, Enter - D:2, ? - help)
What level of the Dungeon? (default 1, ? - help) Sorry, I don't know how to get there.
1971 ||| Stepping randomly (stuck).
(D) Dungeon
Where to? (* - list waypoints, Enter - D:2, ? - help)
What level of the Dungeon? (default 1, ? - help) Sorry, I don't know how to get there.
1972 ||| Stepping randomly (stuck).
(D) Dungeon
Where to? (* - list waypoints, Enter - D:2, ? - help)
What level of the Dungeon? (default 1, ? - help) Sorry, I don't know how to get there.
1973 ||| Stepping randomly (stuck).
(D) Dungeon
Where to? (* - list waypoints, Enter - D:2, ? - help)
What level of the Dungeon? (default 1, ? - help) Sorry, I don't know how to get there.
1974 ||| Stepping randomly (stuck).
(D) Dungeon
Where to? (* - list waypoints, Enter - D:2, ? - help)
What level of the Dungeon? (default 1, ? - help) Sorry, I don't know how to get there.
1975 ||| Stepping randomly (stuck).
(D) Dungeon
Where to? (* - list waypoints, Enter - D:2, ? - help)
What level of the Dungeon? (default 1, ? - help) Sorry, I don't know how to get there.
1976 ||| Stepping randomly (stuck).
Are you sure you want to abandon this character and quit the game? (Confirm with "yes".)

#.###.#####
#.# #.# #.#
#.# #.# #.#
#.# #.# #.#
#.# #.# #.#
#.###.#
#...@.#
#####.# ###


There were no monsters in sight!

Vanquished Creatures
  An adder (D:2)
  A worm (D:2)
  A dart slug (D:1)
  An orc (D:3)
  4 ball pythons
  6 bats
  2 endoplasms
  3 goblins
  5 hobgoblins
  2 quokkas
  A frilled lizard (D:1)
  4 kobolds
  3 rats
34 creatures vanquished.

Notes
Turn   | Place    | Note
-------+----------+-------------------------------------------
     0 | D:1      | qw the Deep Elf Hunter began the quest for the Orb.
     0 | D:1      | Reached XP level 1. HP: 12/12 MP: 3/3
     0 | D:1      | 0 ||| qw: Version: 0.3-a-22-g0ed2b0b
     0 | D:1      | 0 ||| qw: Game counter: 5936
     0 | D:1      | 0 ||| qw: Melee chars always use a shield: true
     0 | D:1      | 0 ||| qw: God list: Okawaru
     0 | D:1      | 0 ||| qw: Allow faded altars: false
     0 | D:1      | 0 ||| qw: Do Orc after clearing Dungeon:15 true
     0 | D:1      | 0 ||| qw: Do second Lair branch before Depths: true
     0 | D:1      | 0 ||| qw: Lair rune preference: random
     0 | D:1      | 0 ||| qw: Goals: Normal
     0 | D:1      | 0 ||| PLANNING D:1-11
   104 | D:1      | Found a faded altar of an unknown god.
   136 | D:1      | Reached XP level 2. HP: 16/16 MP: 4/4
   144 | D:1      | Reached skill level 6 in Ranged Weapons
   447 | D:1      | 447 ||| UPGRADING to +0 ring mail.
   457 | D:1      | 457 ||| DROPPING +0 leather armour.
   458 | D:1      | 458 ||| UPGRADING to ring of willpower.
   459 | D:1      | 459 ||| READING scroll labelled VUALAI XINIOSAIGO.
   460 | D:1      | 460 ||| READING scroll labelled ADAYT XUTURGH.
   461 | D:1      | 461 ||| READING scroll labelled JOMILAGAGG.
   462 | D:1      | 462 ||| READING 2 scrolls labelled BISEDOSTAEM.
   463 | D:1      | 463 ||| DROPPING scroll of butterflies.
   464 | D:1      | 464 ||| DROPPING scroll of revelation.
   483 | D:2      | 483 ||| Stepping ~*~*~tactically~*~*~ (outnumbered).
   659 | D:2      | Reached XP level 3. HP: 20/20 MP: 5/5
   893 | D:2      | Reached skill level 7 in Ranged Weapons
   916 | D:2      | You fall into a shaft and drop 1 floor!
   947 | D:3      | Found a blossoming altar of Fedhas.
   960 | D:3      | 960 ||| UPGRADING to +1 cloak.
   965 | D:3      | 965 ||| UPGRADING to +2 hat.
   970 | D:3      | 970 ||| UPGRADING to ring of poison resistance.
   971 | D:3      | 971 ||| READING scroll labelled ETIOGUO YMPAWU.
   976 | D:3      | 976 ||| Stepping randomly (stuck).
   977 | D:3      | 977 ||| Stepping randomly (stuck).
   978 | D:3      | 978 ||| Stepping randomly (stuck).
   979 | D:3      | 979 ||| Stepping randomly (stuck).
   980 | D:3      | 980 ||| Stepping randomly (stuck).
   981 | D:3      | 981 ||| Stepping randomly (stuck).
   982 | D:3      | 982 ||| Stepping randomly (stuck).
   983 | D:3      | 983 ||| Stepping randomly (stuck).
   984 | D:3      | 984 ||| Stepping randomly (stuck).
   985 | D:3      | 985 ||| Stepping randomly (stuck).
   986 | D:3      | 986 ||| Stepping randomly (stuck).
   987 | D:3      | 987 ||| Stepping randomly (stuck).
   988 | D:3      | 988 ||| Stepping randomly (stuck).
   989 | D:3      | 989 ||| Stepping randomly (stuck).
   990 | D:3      | 990 ||| Stepping randomly (stuck).
   991 | D:3      | 991 ||| Stepping randomly (stuck).
   992 | D:3      | 992 ||| Stepping randomly (stuck).
   993 | D:3      | 993 ||| Stepping randomly (stuck).
   994 | D:3      | 994 ||| Stepping randomly (stuck).
   995 | D:3      | 995 ||| Stepping randomly (stuck).
   996 | D:3      | 996 ||| Stepping randomly (stuck).
   997 | D:3      | 997 ||| Stepping randomly (stuck).
   998 | D:3      | 998 ||| Stepping randomly (stuck).
   999 | D:3      | 999 ||| Stepping randomly (stuck).
  1000 | D:3      | 1000 ||| Stepping randomly (stuck).
  1001 | D:3      | 1001 ||| Stepping randomly (stuck).
  1002 | D:3      | 1002 ||| Stepping randomly (stuck).
  1003 | D:3      | 1003 ||| Stepping randomly (stuck).
  1004 | D:3      | 1004 ||| Stepping randomly (stuck).
  1005 | D:3      | 1005 ||| Stepping randomly (stuck).
  1006 | D:3      | 1006 ||| Stepping randomly (stuck).
  1007 | D:3      | 1007 ||| Stepping randomly (stuck).
  1008 | D:3      | 1008 ||| Stepping randomly (stuck).
  1009 | D:3      | 1009 ||| Stepping randomly (stuck).
  1010 | D:3      | 1010 ||| Stepping randomly (stuck).
  1011 | D:3      | 1011 ||| Stepping randomly (stuck).
  1012 | D:3      | 1012 ||| Stepping randomly (stuck).
  1013 | D:3      | 1013 ||| Stepping randomly (stuck).
  1014 | D:3      | 1014 ||| Stepping randomly (stuck).
  1015 | D:3      | 1015 ||| Stepping randomly (stuck).
  1016 | D:3      | 1016 ||| Stepping randomly (stuck).
  1017 | D:3      | 1017 ||| Stepping randomly (stuck).
  1018 | D:3      | 1018 ||| Stepping randomly (stuck).
  1019 | D:3      | 1019 ||| Stepping randomly (stuck).
  1020 | D:3      | 1020 ||| Stepping randomly (stuck).
  1021 | D:3      | 1021 ||| Stepping randomly (stuck).
  1022 | D:3      | 1022 ||| Stepping randomly (stuck).
  1023 | D:3      | 1023 ||| Stepping randomly (stuck).
  1024 | D:3      | 1024 ||| Stepping randomly (stuck).
  1025 | D:3      | 1025 ||| Stepping randomly (stuck).
  1026 | D:3      | 1026 ||| Stepping randomly (stuck).
  1027 | D:3      | 1027 ||| Stepping randomly (stuck).
  1028 | D:3      | 1028 ||| Stepping randomly (stuck).
  1029 | D:3      | 1029 ||| Stepping randomly (stuck).
  1030 | D:3      | 1030 ||| Stepping randomly (stuck).
  1031 | D:3      | 1031 ||| Stepping randomly (stuck).
  1032 | D:3      | 1032 ||| Stepping randomly (stuck).
  1033 | D:3      | 1033 ||| Stepping randomly (stuck).
  1034 | D:3      | 1034 ||| Stepping randomly (stuck).
  1035 | D:3      | 1035 ||| Stepping randomly (stuck).
  1036 | D:3      | 1036 ||| Stepping randomly (stuck).
  1037 | D:3      | 1037 ||| Stepping randomly (stuck).
  1038 | D:3      | 1038 ||| Stepping randomly (stuck).
  1039 | D:3      | 1039 ||| Stepping randomly (stuck).
  1040 | D:3      | 1040 ||| Stepping randomly (stuck).
  1041 | D:3      | 1041 ||| Stepping randomly (stuck).
  1042 | D:3      | 1042 ||| Stepping randomly (stuck).
  1043 | D:3      | 1043 ||| Stepping randomly (stuck).
  1044 | D:3      | 1044 ||| Stepping randomly (stuck).
  1045 | D:3      | 1045 ||| Stepping randomly (stuck).
  1046 | D:3      | 1046 ||| Stepping randomly (stuck).
  1047 | D:3      | 1047 ||| Stepping randomly (stuck).
  1048 | D:3      | 1048 ||| Stepping randomly (stuck).
  1049 | D:3      | 1049 ||| Stepping randomly (stuck).
  1050 | D:3      | 1050 ||| Stepping randomly (stuck).
  1051 | D:3      | 1051 ||| Stepping randomly (stuck).
  1052 | D:3      | 1052 ||| Stepping randomly (stuck).
  1053 | D:3      | 1053 ||| Stepping randomly (stuck).
  1054 | D:3      | 1054 ||| Stepping randomly (stuck).
  1055 | D:3      | 1055 ||| Stepping randomly (stuck).
  1056 | D:3      | 1056 ||| Stepping randomly (stuck).
  1057 | D:3      | 1057 ||| Stepping randomly (stuck).
  1058 | D:3      | 1058 ||| Stepping randomly (stuck).
  1059 | D:3      | 1059 ||| Stepping randomly (stuck).
  1060 | D:3      | 1060 ||| Stepping randomly (stuck).
  1061 | D:3      | 1061 ||| Stepping randomly (stuck).
  1062 | D:3      | 1062 ||| Stepping randomly (stuck).
  1063 | D:3      | 1063 ||| Stepping randomly (stuck).
  1064 | D:3      | 1064 ||| Stepping randomly (stuck).
  1065 | D:3      | 1065 ||| Stepping randomly (stuck).
  1066 | D:3      | 1066 ||| Stepping randomly (stuck).
  1067 | D:3      | 1067 ||| Stepping randomly (stuck).
  1068 | D:3      | 1068 ||| Stepping randomly (stuck).
  1069 | D:3      | 1069 ||| Stepping randomly (stuck).
  1070 | D:3      | 1070 ||| Stepping randomly (stuck).
  1071 | D:3      | 1071 ||| Stepping randomly (stuck).
  1072 | D:3      | 1072 ||| Stepping randomly (stuck).
  1073 | D:3      | 1073 ||| Stepping randomly (stuck).
  1074 | D:3      | 1074 ||| Stepping randomly (stuck).
  1075 | D:3      | 1075 ||| Stepping randomly (stuck).
  1076 | D:3      | 1076 ||| Stepping randomly (stuck).
  1077 | D:3      | 1077 ||| Stepping randomly (stuck).
  1078 | D:3      | 1078 ||| Stepping randomly (stuck).
  1079 | D:3      | 1079 ||| Stepping randomly (stuck).
  1080 | D:3      | 1080 ||| Stepping randomly (stuck).
  1081 | D:3      | 1081 ||| Stepping randomly (stuck).
  1082 | D:3      | 1082 ||| Stepping randomly (stuck).
  1083 | D:3      | 1083 ||| Stepping randomly (stuck).
  1084 | D:3      | 1084 ||| Stepping randomly (stuck).
  1085 | D:3      | 1085 ||| Stepping randomly (stuck).
  1086 | D:3      | 1086 ||| Stepping randomly (stuck).
  1087 | D:3      | 1087 ||| Stepping randomly (stuck).
  1088 | D:3      | 1088 ||| Stepping randomly (stuck).
  1089 | D:3      | 1089 ||| Stepping randomly (stuck).
  1090 | D:3      | 1090 ||| Stepping randomly (stuck).
  1091 | D:3      | 1091 ||| Stepping randomly (stuck).
  1092 | D:3      | 1092 ||| Stepping randomly (stuck).
  1093 | D:3      | 1093 ||| Stepping randomly (stuck).
  1094 | D:3      | 1094 ||| Stepping randomly (stuck).
  1095 | D:3      | 1095 ||| Stepping randomly (stuck).
  1096 | D:3      | 1096 ||| Stepping randomly (stuck).
  1097 | D:3      | 1097 ||| Stepping randomly (stuck).
  1098 | D:3      | 1098 ||| Stepping randomly (stuck).
  1099 | D:3      | 1099 ||| Stepping randomly (stuck).
  1100 | D:3      | 1100 ||| Stepping randomly (stuck).
  1101 | D:3      | 1101 ||| Stepping randomly (stuck).
  1102 | D:3      | 1102 ||| Stepping randomly (stuck).
  1103 | D:3      | 1103 ||| Stepping randomly (stuck).
  1104 | D:3      | 1104 ||| Stepping randomly (stuck).
  1105 | D:3      | 1105 ||| Stepping randomly (stuck).
  1106 | D:3      | 1106 ||| Stepping randomly (stuck).
  1107 | D:3      | 1107 ||| Stepping randomly (stuck).
  1108 | D:3      | 1108 ||| Stepping randomly (stuck).
  1109 | D:3      | 1109 ||| Stepping randomly (stuck).
  1110 | D:3      | 1110 ||| Stepping randomly (stuck).
  1111 | D:3      | 1111 ||| Stepping randomly (stuck).
  1112 | D:3      | 1112 ||| Stepping randomly (stuck).
  1113 | D:3      | 1113 ||| Stepping randomly (stuck).
  1114 | D:3      | 1114 ||| Stepping randomly (stuck).
  1115 | D:3      | 1115 ||| Stepping randomly (stuck).
  1116 | D:3      | 1116 ||| Stepping randomly (stuck).
  1117 | D:3      | 1117 ||| Stepping randomly (stuck).
  1118 | D:3      | 1118 ||| Stepping randomly (stuck).
  1119 | D:3      | 1119 ||| Stepping randomly (stuck).
  1120 | D:3      | 1120 ||| Stepping randomly (stuck).
  1121 | D:3      | 1121 ||| Stepping randomly (stuck).
  1122 | D:3      | 1122 ||| Stepping randomly (stuck).
  1123 | D:3      | 1123 ||| Stepping randomly (stuck).
  1124 | D:3      | 1124 ||| Stepping randomly (stuck).
  1125 | D:3      | 1125 ||| Stepping randomly (stuck).
  1126 | D:3      | 1126 ||| Stepping randomly (stuck).
  1127 | D:3      | 1127 ||| Stepping randomly (stuck).
  1128 | D:3      | 1128 ||| Stepping randomly (stuck).
  1129 | D:3      | 1129 ||| Stepping randomly (stuck).
  1130 | D:3      | 1130 ||| Stepping randomly (stuck).
  1131 | D:3      | 1131 ||| Stepping randomly (stuck).
  1132 | D:3      | 1132 ||| Stepping randomly (stuck).
  1133 | D:3      | 1133 ||| Stepping randomly (stuck).
  1134 | D:3      | 1134 ||| Stepping randomly (stuck).
  1135 | D:3      | 1135 ||| Stepping randomly (stuck).
  1136 | D:3      | 1136 ||| Stepping randomly (stuck).
  1137 | D:3      | 1137 ||| Stepping randomly (stuck).
  1138 | D:3      | 1138 ||| Stepping randomly (stuck).
  1139 | D:3      | 1139 ||| Stepping randomly (stuck).
  1140 | D:3      | 1140 ||| Stepping randomly (stuck).
  1141 | D:3      | 1141 ||| Stepping randomly (stuck).
  1142 | D:3      | 1142 ||| Stepping randomly (stuck).
  1143 | D:3      | 1143 ||| Stepping randomly (stuck).
  1144 | D:3      | 1144 ||| Stepping randomly (stuck).
  1145 | D:3      | 1145 ||| Stepping randomly (stuck).
  1146 | D:3      | 1146 ||| Stepping randomly (stuck).
  1147 | D:3      | 1147 ||| Stepping randomly (stuck).
  1148 | D:3      | 1148 ||| Stepping randomly (stuck).
  1149 | D:3      | 1149 ||| Stepping randomly (stuck).
  1150 | D:3      | 1150 ||| Stepping randomly (stuck).
  1151 | D:3      | 1151 ||| Stepping randomly (stuck).
  1152 | D:3      | 1152 ||| Stepping randomly (stuck).
  1153 | D:3      | 1153 ||| Stepping randomly (stuck).
  1154 | D:3      | 1154 ||| Stepping randomly (stuck).
  1155 | D:3      | 1155 ||| Stepping randomly (stuck).
  1156 | D:3      | 1156 ||| Stepping randomly (stuck).
  1157 | D:3      | 1157 ||| Stepping randomly (stuck).
  1158 | D:3      | 1158 ||| Stepping randomly (stuck).
  1159 | D:3      | 1159 ||| Stepping randomly (stuck).
  1160 | D:3      | 1160 ||| Stepping randomly (stuck).
  1161 | D:3      | 1161 ||| Stepping randomly (stuck).
  1162 | D:3      | 1162 ||| Stepping randomly (stuck).
  1163 | D:3      | 1163 ||| Stepping randomly (stuck).
  1164 | D:3      | 1164 ||| Stepping randomly (stuck).
  1165 | D:3      | 1165 ||| Stepping randomly (stuck).
  1166 | D:3      | 1166 ||| Stepping randomly (stuck).
  1167 | D:3      | 1167 ||| Stepping randomly (stuck).
  1168 | D:3      | 1168 ||| Stepping randomly (stuck).
  1169 | D:3      | 1169 ||| Stepping randomly (stuck).
  1170 | D:3      | 1170 ||| Stepping randomly (stuck).
  1171 | D:3      | 1171 ||| Stepping randomly (stuck).
  1172 | D:3      | 1172 ||| Stepping randomly (stuck).
  1173 | D:3      | 1173 ||| Stepping randomly (stuck).
  1174 | D:3      | 1174 ||| Stepping randomly (stuck).
  1175 | D:3      | 1175 ||| Stepping randomly (stuck).
  1176 | D:3      | 1176 ||| Stepping randomly (stuck).
  1177 | D:3      | 1177 ||| Stepping randomly (stuck).
  1178 | D:3      | 1178 ||| Stepping randomly (stuck).
  1179 | D:3      | 1179 ||| Stepping randomly (stuck).
  1180 | D:3      | 1180 ||| Stepping randomly (stuck).
  1181 | D:3      | 1181 ||| Stepping randomly (stuck).
  1182 | D:3      | 1182 ||| Stepping randomly (stuck).
  1183 | D:3      | 1183 ||| Stepping randomly (stuck).
  1184 | D:3      | 1184 ||| Stepping randomly (stuck).
  1185 | D:3      | 1185 ||| Stepping randomly (stuck).
  1186 | D:3      | 1186 ||| Stepping randomly (stuck).
  1187 | D:3      | 1187 ||| Stepping randomly (stuck).
  1188 | D:3      | 1188 ||| Stepping randomly (stuck).
  1189 | D:3      | 1189 ||| Stepping randomly (stuck).
  1190 | D:3      | 1190 ||| Stepping randomly (stuck).
  1191 | D:3      | 1191 ||| Stepping randomly (stuck).
  1192 | D:3      | 1192 ||| Stepping randomly (stuck).
  1193 | D:3      | 1193 ||| Stepping randomly (stuck).
  1194 | D:3      | 1194 ||| Stepping randomly (stuck).
  1195 | D:3      | 1195 ||| Stepping randomly (stuck).
  1196 | D:3      | 1196 ||| Stepping randomly (stuck).
  1197 | D:3      | 1197 ||| Stepping randomly (stuck).
  1198 | D:3      | 1198 ||| Stepping randomly (stuck).
  1199 | D:3      | 1199 ||| Stepping randomly (stuck).
  1200 | D:3      | 1200 ||| Stepping randomly (stuck).
  1201 | D:3      | 1201 ||| Stepping randomly (stuck).
  1202 | D:3      | 1202 ||| Stepping randomly (stuck).
  1203 | D:3      | 1203 ||| Stepping randomly (stuck).
  1204 | D:3      | 1204 ||| Stepping randomly (stuck).
  1205 | D:3      | 1205 ||| Stepping randomly (stuck).
  1206 | D:3      | 1206 ||| Stepping randomly (stuck).
  1207 | D:3      | 1207 ||| Stepping randomly (stuck).
  1208 | D:3      | 1208 ||| Stepping randomly (stuck).
  1209 | D:3      | 1209 ||| Stepping randomly (stuck).
  1210 | D:3      | 1210 ||| Stepping randomly (stuck).
  1211 | D:3      | 1211 ||| Stepping randomly (stuck).
  1212 | D:3      | 1212 ||| Stepping randomly (stuck).
  1213 | D:3      | 1213 ||| Stepping randomly (stuck).
  1214 | D:3      | 1214 ||| Stepping randomly (stuck).
  1215 | D:3      | 1215 ||| Stepping randomly (stuck).
  1216 | D:3      | 1216 ||| Stepping randomly (stuck).
  1217 | D:3      | 1217 ||| Stepping randomly (stuck).
  1218 | D:3      | 1218 ||| Stepping randomly (stuck).
  1219 | D:3      | 1219 ||| Stepping randomly (stuck).
  1220 | D:3      | 1220 ||| Stepping randomly (stuck).
  1221 | D:3      | 1221 ||| Stepping randomly (stuck).
  1222 | D:3      | 1222 ||| Stepping randomly (stuck).
  1223 | D:3      | 1223 ||| Stepping randomly (stuck).
  1224 | D:3      | 1224 ||| Stepping randomly (stuck).
  1225 | D:3      | 1225 ||| Stepping randomly (stuck).
  1226 | D:3      | 1226 ||| Stepping randomly (stuck).
  1227 | D:3      | 1227 ||| Stepping randomly (stuck).
  1228 | D:3      | 1228 ||| Stepping randomly (stuck).
  1229 | D:3      | 1229 ||| Stepping randomly (stuck).
  1230 | D:3      | 1230 ||| Stepping randomly (stuck).
  1231 | D:3      | 1231 ||| Stepping randomly (stuck).
  1232 | D:3      | 1232 ||| Stepping randomly (stuck).
  1233 | D:3      | 1233 ||| Stepping randomly (stuck).
  1234 | D:3      | 1234 ||| Stepping randomly (stuck).
  1235 | D:3      | 1235 ||| Stepping randomly (stuck).
  1236 | D:3      | 1236 ||| Stepping randomly (stuck).
  1237 | D:3      | 1237 ||| Stepping randomly (stuck).
  1238 | D:3      | 1238 ||| Stepping randomly (stuck).
  1239 | D:3      | 1239 ||| Stepping randomly (stuck).
  1240 | D:3      | 1240 ||| Stepping randomly (stuck).
  1241 | D:3      | 1241 ||| Stepping randomly (stuck).
  1242 | D:3      | 1242 ||| Stepping randomly (stuck).
  1243 | D:3      | 1243 ||| Stepping randomly (stuck).
  1244 | D:3      | 1244 ||| Stepping randomly (stuck).
  1245 | D:3      | 1245 ||| Stepping randomly (stuck).
  1246 | D:3      | 1246 ||| Stepping randomly (stuck).
  1247 | D:3      | 1247 ||| Stepping randomly (stuck).
  1248 | D:3      | 1248 ||| Stepping randomly (stuck).
  1249 | D:3      | 1249 ||| Stepping randomly (stuck).
  1250 | D:3      | 1250 ||| Stepping randomly (stuck).
  1251 | D:3      | 1251 ||| Stepping randomly (stuck).
  1252 | D:3      | 1252 ||| Stepping randomly (stuck).
  1253 | D:3      | 1253 ||| Stepping randomly (stuck).
  1254 | D:3      | 1254 ||| Stepping randomly (stuck).
  1255 | D:3      | 1255 ||| Stepping randomly (stuck).
  1256 | D:3      | 1256 ||| Stepping randomly (stuck).
  1257 | D:3      | 1257 ||| Stepping randomly (stuck).
  1258 | D:3      | 1258 ||| Stepping randomly (stuck).
  1259 | D:3      | 1259 ||| Stepping randomly (stuck).
  1260 | D:3      | 1260 ||| Stepping randomly (stuck).
  1261 | D:3      | 1261 ||| Stepping randomly (stuck).
  1262 | D:3      | 1262 ||| Stepping randomly (stuck).
  1263 | D:3      | 1263 ||| Stepping randomly (stuck).
  1264 | D:3      | 1264 ||| Stepping randomly (stuck).
  1265 | D:3      | 1265 ||| Stepping randomly (stuck).
  1266 | D:3      | 1266 ||| Stepping randomly (stuck).
  1267 | D:3      | 1267 ||| Stepping randomly (stuck).
  1268 | D:3      | 1268 ||| Stepping randomly (stuck).
  1269 | D:3      | 1269 ||| Stepping randomly (stuck).
  1270 | D:3      | 1270 ||| Stepping randomly (stuck).
  1271 | D:3      | 1271 ||| Stepping randomly (stuck).
  1272 | D:3      | 1272 ||| Stepping randomly (stuck).
  1273 | D:3      | 1273 ||| Stepping randomly (stuck).
  1274 | D:3      | 1274 ||| Stepping randomly (stuck).
  1275 | D:3      | 1275 ||| Stepping randomly (stuck).
  1276 | D:3      | 1276 ||| Stepping randomly (stuck).
  1277 | D:3      | 1277 ||| Stepping randomly (stuck).
  1278 | D:3      | 1278 ||| Stepping randomly (stuck).
  1279 | D:3      | 1279 ||| Stepping randomly (stuck).
  1280 | D:3      | 1280 ||| Stepping randomly (stuck).
  1281 | D:3      | 1281 ||| Stepping randomly (stuck).
  1282 | D:3      | 1282 ||| Stepping randomly (stuck).
  1283 | D:3      | 1283 ||| Stepping randomly (stuck).
  1284 | D:3      | 1284 ||| Stepping randomly (stuck).
  1285 | D:3      | 1285 ||| Stepping randomly (stuck).
  1286 | D:3      | 1286 ||| Stepping randomly (stuck).
  1287 | D:3      | 1287 ||| Stepping randomly (stuck).
  1288 | D:3      | 1288 ||| Stepping randomly (stuck).
  1289 | D:3      | 1289 ||| Stepping randomly (stuck).
  1290 | D:3      | 1290 ||| Stepping randomly (stuck).
  1291 | D:3      | 1291 ||| Stepping randomly (stuck).
  1292 | D:3      | 1292 ||| Stepping randomly (stuck).
  1293 | D:3      | 1293 ||| Stepping randomly (stuck).
  1294 | D:3      | 1294 ||| Stepping randomly (stuck).
  1295 | D:3      | 1295 ||| Stepping randomly (stuck).
  1296 | D:3      | 1296 ||| Stepping randomly (stuck).
  1297 | D:3      | 1297 ||| Stepping randomly (stuck).
  1298 | D:3      | 1298 ||| Stepping randomly (stuck).
  1299 | D:3      | 1299 ||| Stepping randomly (stuck).
  1300 | D:3      | 1300 ||| Stepping randomly (stuck).
  1301 | D:3      | 1301 ||| Stepping randomly (stuck).
  1302 | D:3      | 1302 ||| Stepping randomly (stuck).
  1303 | D:3      | 1303 ||| Stepping randomly (stuck).
  1304 | D:3      | 1304 ||| Stepping randomly (stuck).
  1305 | D:3      | 1305 ||| Stepping randomly (stuck).
  1306 | D:3      | 1306 ||| Stepping randomly (stuck).
  1307 | D:3      | 1307 ||| Stepping randomly (stuck).
  1308 | D:3      | 1308 ||| Stepping randomly (stuck).
  1309 | D:3      | 1309 ||| Stepping randomly (stuck).
  1310 | D:3      | 1310 ||| Stepping randomly (stuck).
  1311 | D:3      | 1311 ||| Stepping randomly (stuck).
  1312 | D:3      | 1312 ||| Stepping randomly (stuck).
  1313 | D:3      | 1313 ||| Stepping randomly (stuck).
  1314 | D:3      | 1314 ||| Stepping randomly (stuck).
  1315 | D:3      | 1315 ||| Stepping randomly (stuck).
  1316 | D:3      | 1316 ||| Stepping randomly (stuck).
  1317 | D:3      | 1317 ||| Stepping randomly (stuck).
  1318 | D:3      | 1318 ||| Stepping randomly (stuck).
  1319 | D:3      | 1319 ||| Stepping randomly (stuck).
  1320 | D:3      | 1320 ||| Stepping randomly (stuck).
  1321 | D:3      | 1321 ||| Stepping randomly (stuck).
  1322 | D:3      | 1322 ||| Stepping randomly (stuck).
  1323 | D:3      | 1323 ||| Stepping randomly (stuck).
  1324 | D:3      | 1324 ||| Stepping randomly (stuck).
  1325 | D:3      | 1325 ||| Stepping randomly (stuck).
  1326 | D:3      | 1326 ||| Stepping randomly (stuck).
  1327 | D:3      | 1327 ||| Stepping randomly (stuck).
  1328 | D:3      | 1328 ||| Stepping randomly (stuck).
  1329 | D:3      | 1329 ||| Stepping randomly (stuck).
  1330 | D:3      | 1330 ||| Stepping randomly (stuck).
  1331 | D:3      | 1331 ||| Stepping randomly (stuck).
  1332 | D:3      | 1332 ||| Stepping randomly (stuck).
  1333 | D:3      | 1333 ||| Stepping randomly (stuck).
  1334 | D:3      | 1334 ||| Stepping randomly (stuck).
  1335 | D:3      | 1335 ||| Stepping randomly (stuck).
  1336 | D:3      | 1336 ||| Stepping randomly (stuck).
  1337 | D:3      | 1337 ||| Stepping randomly (stuck).
  1338 | D:3      | 1338 ||| Stepping randomly (stuck).
  1339 | D:3      | 1339 ||| Stepping randomly (stuck).
  1340 | D:3      | 1340 ||| Stepping randomly (stuck).
  1341 | D:3      | 1341 ||| Stepping randomly (stuck).
  1342 | D:3      | 1342 ||| Stepping randomly (stuck).
  1343 | D:3      | 1343 ||| Stepping randomly (stuck).
  1344 | D:3      | 1344 ||| Stepping randomly (stuck).
  1345 | D:3      | 1345 ||| Stepping randomly (stuck).
  1346 | D:3      | 1346 ||| Stepping randomly (stuck).
  1347 | D:3      | 1347 ||| Stepping randomly (stuck).
  1348 | D:3      | 1348 ||| Stepping randomly (stuck).
  1349 | D:3      | 1349 ||| Stepping randomly (stuck).
  1350 | D:3      | 1350 ||| Stepping randomly (stuck).
  1351 | D:3      | 1351 ||| Stepping randomly (stuck).
  1352 | D:3      | 1352 ||| Stepping randomly (stuck).
  1353 | D:3      | 1353 ||| Stepping randomly (stuck).
  1354 | D:3      | 1354 ||| Stepping randomly (stuck).
  1355 | D:3      | 1355 ||| Stepping randomly (stuck).
  1356 | D:3      | 1356 ||| Stepping randomly (stuck).
  1357 | D:3      | 1357 ||| Stepping randomly (stuck).
  1358 | D:3      | 1358 ||| Stepping randomly (stuck).
  1359 | D:3      | 1359 ||| Stepping randomly (stuck).
  1360 | D:3      | 1360 ||| Stepping randomly (stuck).
  1361 | D:3      | 1361 ||| Stepping randomly (stuck).
  1362 | D:3      | 1362 ||| Stepping randomly (stuck).
  1363 | D:3      | 1363 ||| Stepping randomly (stuck).
  1364 | D:3      | 1364 ||| Stepping randomly (stuck).
  1365 | D:3      | 1365 ||| Stepping randomly (stuck).
  1366 | D:3      | 1366 ||| Stepping randomly (stuck).
  1367 | D:3      | 1367 ||| Stepping randomly (stuck).
  1368 | D:3      | 1368 ||| Stepping randomly (stuck).
  1369 | D:3      | 1369 ||| Stepping randomly (stuck).
  1370 | D:3      | 1370 ||| Stepping randomly (stuck).
  1371 | D:3      | 1371 ||| Stepping randomly (stuck).
  1372 | D:3      | 1372 ||| Stepping randomly (stuck).
  1373 | D:3      | 1373 ||| Stepping randomly (stuck).
  1374 | D:3      | 1374 ||| Stepping randomly (stuck).
  1375 | D:3      | 1375 ||| Stepping randomly (stuck).
  1376 | D:3      | 1376 ||| Stepping randomly (stuck).
  1377 | D:3      | 1377 ||| Stepping randomly (stuck).
  1378 | D:3      | 1378 ||| Stepping randomly (stuck).
  1379 | D:3      | 1379 ||| Stepping randomly (stuck).
  1380 | D:3      | 1380 ||| Stepping randomly (stuck).
  1381 | D:3      | 1381 ||| Stepping randomly (stuck).
  1382 | D:3      | 1382 ||| Stepping randomly (stuck).
  1383 | D:3      | 1383 ||| Stepping randomly (stuck).
  1384 | D:3      | 1384 ||| Stepping randomly (stuck).
  1385 | D:3      | 1385 ||| Stepping randomly (stuck).
  1386 | D:3      | 1386 ||| Stepping randomly (stuck).
  1387 | D:3      | 1387 ||| Stepping randomly (stuck).
  1388 | D:3      | 1388 ||| Stepping randomly (stuck).
  1389 | D:3      | 1389 ||| Stepping randomly (stuck).
  1390 | D:3      | 1390 ||| Stepping randomly (stuck).
  1391 | D:3      | 1391 ||| Stepping randomly (stuck).
  1392 | D:3      | 1392 ||| Stepping randomly (stuck).
  1393 | D:3      | 1393 ||| Stepping randomly (stuck).
  1394 | D:3      | 1394 ||| Stepping randomly (stuck).
  1395 | D:3      | 1395 ||| Stepping randomly (stuck).
  1396 | D:3      | 1396 ||| Stepping randomly (stuck).
  1397 | D:3      | 1397 ||| Stepping randomly (stuck).
  1398 | D:3      | 1398 ||| Stepping randomly (stuck).
  1399 | D:3      | 1399 ||| Stepping randomly (stuck).
  1400 | D:3      | 1400 ||| Stepping randomly (stuck).
  1401 | D:3      | 1401 ||| Stepping randomly (stuck).
  1402 | D:3      | 1402 ||| Stepping randomly (stuck).
  1403 | D:3      | 1403 ||| Stepping randomly (stuck).
  1404 | D:3      | 1404 ||| Stepping randomly (stuck).
  1405 | D:3      | 1405 ||| Stepping randomly (stuck).
  1406 | D:3      | 1406 ||| Stepping randomly (stuck).
  1407 | D:3      | 1407 ||| Stepping randomly (stuck).
  1408 | D:3      | 1408 ||| Stepping randomly (stuck).
  1409 | D:3      | 1409 ||| Stepping randomly (stuck).
  1410 | D:3      | 1410 ||| Stepping randomly (stuck).
  1411 | D:3      | 1411 ||| Stepping randomly (stuck).
  1412 | D:3      | 1412 ||| Stepping randomly (stuck).
  1413 | D:3      | 1413 ||| Stepping randomly (stuck).
  1414 | D:3      | 1414 ||| Stepping randomly (stuck).
  1415 | D:3      | 1415 ||| Stepping randomly (stuck).
  1416 | D:3      | 1416 ||| Stepping randomly (stuck).
  1417 | D:3      | 1417 ||| Stepping randomly (stuck).
  1418 | D:3      | 1418 ||| Stepping randomly (stuck).
  1419 | D:3      | 1419 ||| Stepping randomly (stuck).
  1420 | D:3      | 1420 ||| Stepping randomly (stuck).
  1421 | D:3      | 1421 ||| Stepping randomly (stuck).
  1422 | D:3      | 1422 ||| Stepping randomly (stuck).
  1423 | D:3      | 1423 ||| Stepping randomly (stuck).
  1424 | D:3      | 1424 ||| Stepping randomly (stuck).
  1425 | D:3      | 1425 ||| Stepping randomly (stuck).
  1426 | D:3      | 1426 ||| Stepping randomly (stuck).
  1427 | D:3      | 1427 ||| Stepping randomly (stuck).
  1428 | D:3      | 1428 ||| Stepping randomly (stuck).
  1429 | D:3      | 1429 ||| Stepping randomly (stuck).
  1430 | D:3      | 1430 ||| Stepping randomly (stuck).
  1431 | D:3      | 1431 ||| Stepping randomly (stuck).
  1432 | D:3      | 1432 ||| Stepping randomly (stuck).
  1433 | D:3      | 1433 ||| Stepping randomly (stuck).
  1434 | D:3      | 1434 ||| Stepping randomly (stuck).
  1435 | D:3      | 1435 ||| Stepping randomly (stuck).
  1436 | D:3      | 1436 ||| Stepping randomly (stuck).
  1437 | D:3      | 1437 ||| Stepping randomly (stuck).
  1438 | D:3      | 1438 ||| Stepping randomly (stuck).
  1439 | D:3      | 1439 ||| Stepping randomly (stuck).
  1440 | D:3      | 1440 ||| Stepping randomly (stuck).
  1441 | D:3      | 1441 ||| Stepping randomly (stuck).
  1442 | D:3      | 1442 ||| Stepping randomly (stuck).
  1443 | D:3      | 1443 ||| Stepping randomly (stuck).
  1444 | D:3      | 1444 ||| Stepping randomly (stuck).
  1445 | D:3      | 1445 ||| Stepping randomly (stuck).
  1446 | D:3      | 1446 ||| Stepping randomly (stuck).
  1447 | D:3      | 1447 ||| Stepping randomly (stuck).
  1448 | D:3      | 1448 ||| Stepping randomly (stuck).
  1449 | D:3      | 1449 ||| Stepping randomly (stuck).
  1450 | D:3      | 1450 ||| Stepping randomly (stuck).
  1451 | D:3      | 1451 ||| Stepping randomly (stuck).
  1452 | D:3      | 1452 ||| Stepping randomly (stuck).
  1453 | D:3      | 1453 ||| Stepping randomly (stuck).
  1454 | D:3      | 1454 ||| Stepping randomly (stuck).
  1455 | D:3      | 1455 ||| Stepping randomly (stuck).
  1456 | D:3      | 1456 ||| Stepping randomly (stuck).
  1457 | D:3      | 1457 ||| Stepping randomly (stuck).
  1458 | D:3      | 1458 ||| Stepping randomly (stuck).
  1459 | D:3      | 1459 ||| Stepping randomly (stuck).
  1460 | D:3      | 1460 ||| Stepping randomly (stuck).
  1461 | D:3      | 1461 ||| Stepping randomly (stuck).
  1462 | D:3      | 1462 ||| Stepping randomly (stuck).
  1463 | D:3      | 1463 ||| Stepping randomly (stuck).
  1464 | D:3      | 1464 ||| Stepping randomly (stuck).
  1465 | D:3      | 1465 ||| Stepping randomly (stuck).
  1466 | D:3      | 1466 ||| Stepping randomly (stuck).
  1467 | D:3      | 1467 ||| Stepping randomly (stuck).
  1468 | D:3      | 1468 ||| Stepping randomly (stuck).
  1469 | D:3      | 1469 ||| Stepping randomly (stuck).
  1470 | D:3      | 1470 ||| Stepping randomly (stuck).
  1471 | D:3      | 1471 ||| Stepping randomly (stuck).
  1472 | D:3      | 1472 ||| Stepping randomly (stuck).
  1473 | D:3      | 1473 ||| Stepping randomly (stuck).
  1474 | D:3      | 1474 ||| Stepping randomly (stuck).
  1475 | D:3      | 1475 ||| Stepping randomly (stuck).
  1476 | D:3      | 1476 ||| Stepping randomly (stuck).
  1477 | D:3      | 1477 ||| Stepping randomly (stuck).
  1478 | D:3      | 1478 ||| Stepping randomly (stuck).
  1479 | D:3      | 1479 ||| Stepping randomly (stuck).
  1480 | D:3      | 1480 ||| Stepping randomly (stuck).
  1481 | D:3      | 1481 ||| Stepping randomly (stuck).
  1482 | D:3      | 1482 ||| Stepping randomly (stuck).
  1483 | D:3      | 1483 ||| Stepping randomly (stuck).
  1484 | D:3      | 1484 ||| Stepping randomly (stuck).
  1485 | D:3      | 1485 ||| Stepping randomly (stuck).
  1486 | D:3      | 1486 ||| Stepping randomly (stuck).
  1487 | D:3      | 1487 ||| Stepping randomly (stuck).
  1488 | D:3      | 1488 ||| Stepping randomly (stuck).
  1489 | D:3      | 1489 ||| Stepping randomly (stuck).
  1490 | D:3      | 1490 ||| Stepping randomly (stuck).
  1491 | D:3      | 1491 ||| Stepping randomly (stuck).
  1492 | D:3      | 1492 ||| Stepping randomly (stuck).
  1493 | D:3      | 1493 ||| Stepping randomly (stuck).
  1494 | D:3      | 1494 ||| Stepping randomly (stuck).
  1495 | D:3      | 1495 ||| Stepping randomly (stuck).
  1496 | D:3      | 1496 ||| Stepping randomly (stuck).
  1497 | D:3      | 1497 ||| Stepping randomly (stuck).
  1498 | D:3      | 1498 ||| Stepping randomly (stuck).
  1499 | D:3      | 1499 ||| Stepping randomly (stuck).
  1500 | D:3      | 1500 ||| Stepping randomly (stuck).
  1501 | D:3      | 1501 ||| Stepping randomly (stuck).
  1502 | D:3      | 1502 ||| Stepping randomly (stuck).
  1503 | D:3      | 1503 ||| Stepping randomly (stuck).
  1504 | D:3      | 1504 ||| Stepping randomly (stuck).
  1505 | D:3      | 1505 ||| Stepping randomly (stuck).
  1506 | D:3      | 1506 ||| Stepping randomly (stuck).
  1507 | D:3      | 1507 ||| Stepping randomly (stuck).
  1508 | D:3      | 1508 ||| Stepping randomly (stuck).
  1509 | D:3      | 1509 ||| Stepping randomly (stuck).
  1510 | D:3      | 1510 ||| Stepping randomly (stuck).
  1511 | D:3      | 1511 ||| Stepping randomly (stuck).
  1512 | D:3      | 1512 ||| Stepping randomly (stuck).
  1513 | D:3      | 1513 ||| Stepping randomly (stuck).
  1514 | D:3      | 1514 ||| Stepping randomly (stuck).
  1515 | D:3      | 1515 ||| Stepping randomly (stuck).
  1516 | D:3      | 1516 ||| Stepping randomly (stuck).
  1517 | D:3      | 1517 ||| Stepping randomly (stuck).
  1518 | D:3      | 1518 ||| Stepping randomly (stuck).
  1519 | D:3      | 1519 ||| Stepping randomly (stuck).
  1520 | D:3      | 1520 ||| Stepping randomly (stuck).
  1521 | D:3      | 1521 ||| Stepping randomly (stuck).
  1522 | D:3      | 1522 ||| Stepping randomly (stuck).
  1523 | D:3      | 1523 ||| Stepping randomly (stuck).
  1524 | D:3      | 1524 ||| Stepping randomly (stuck).
  1525 | D:3      | 1525 ||| Stepping randomly (stuck).
  1526 | D:3      | 1526 ||| Stepping randomly (stuck).
  1527 | D:3      | 1527 ||| Stepping randomly (stuck).
  1528 | D:3      | 1528 ||| Stepping randomly (stuck).
  1529 | D:3      | 1529 ||| Stepping randomly (stuck).
  1530 | D:3      | 1530 ||| Stepping randomly (stuck).
  1531 | D:3      | 1531 ||| Stepping randomly (stuck).
  1532 | D:3      | 1532 ||| Stepping randomly (stuck).
  1533 | D:3      | 1533 ||| Stepping randomly (stuck).
  1534 | D:3      | 1534 ||| Stepping randomly (stuck).
  1535 | D:3      | 1535 ||| Stepping randomly (stuck).
  1536 | D:3      | 1536 ||| Stepping randomly (stuck).
  1537 | D:3      | 1537 ||| Stepping randomly (stuck).
  1538 | D:3      | 1538 ||| Stepping randomly (stuck).
  1539 | D:3      | 1539 ||| Stepping randomly (stuck).
  1540 | D:3      | 1540 ||| Stepping randomly (stuck).
  1541 | D:3      | 1541 ||| Stepping randomly (stuck).
  1542 | D:3      | 1542 ||| Stepping randomly (stuck).
  1543 | D:3      | 1543 ||| Stepping randomly (stuck).
  1544 | D:3      | 1544 ||| Stepping randomly (stuck).
  1545 | D:3      | 1545 ||| Stepping randomly (stuck).
  1546 | D:3      | 1546 ||| Stepping randomly (stuck).
  1547 | D:3      | 1547 ||| Stepping randomly (stuck).
  1548 | D:3      | 1548 ||| Stepping randomly (stuck).
  1549 | D:3      | 1549 ||| Stepping randomly (stuck).
  1550 | D:3      | 1550 ||| Stepping randomly (stuck).
  1551 | D:3      | 1551 ||| Stepping randomly (stuck).
  1552 | D:3      | 1552 ||| Stepping randomly (stuck).
  1553 | D:3      | 1553 ||| Stepping randomly (stuck).
  1554 | D:3      | 1554 ||| Stepping randomly (stuck).
  1555 | D:3      | 1555 ||| Stepping randomly (stuck).
  1556 | D:3      | 1556 ||| Stepping randomly (stuck).
  1557 | D:3      | 1557 ||| Stepping randomly (stuck).
  1558 | D:3      | 1558 ||| Stepping randomly (stuck).
  1559 | D:3      | 1559 ||| Stepping randomly (stuck).
  1560 | D:3      | 1560 ||| Stepping randomly (stuck).
  1561 | D:3      | 1561 ||| Stepping randomly (stuck).
  1562 | D:3      | 1562 ||| Stepping randomly (stuck).
  1563 | D:3      | 1563 ||| Stepping randomly (stuck).
  1564 | D:3      | 1564 ||| Stepping randomly (stuck).
  1565 | D:3      | 1565 ||| Stepping randomly (stuck).
  1566 | D:3      | 1566 ||| Stepping randomly (stuck).
  1567 | D:3      | 1567 ||| Stepping randomly (stuck).
  1568 | D:3      | 1568 ||| Stepping randomly (stuck).
  1569 | D:3      | 1569 ||| Stepping randomly (stuck).
  1570 | D:3      | 1570 ||| Stepping randomly (stuck).
  1571 | D:3      | 1571 ||| Stepping randomly (stuck).
  1572 | D:3      | 1572 ||| Stepping randomly (stuck).
  1573 | D:3      | 1573 ||| Stepping randomly (stuck).
  1574 | D:3      | 1574 ||| Stepping randomly (stuck).
  1575 | D:3      | 1575 ||| Stepping randomly (stuck).
  1576 | D:3      | 1576 ||| Stepping randomly (stuck).
  1577 | D:3      | 1577 ||| Stepping randomly (stuck).
  1578 | D:3      | 1578 ||| Stepping randomly (stuck).
  1579 | D:3      | 1579 ||| Stepping randomly (stuck).
  1580 | D:3      | 1580 ||| Stepping randomly (stuck).
  1581 | D:3      | 1581 ||| Stepping randomly (stuck).
  1582 | D:3      | 1582 ||| Stepping randomly (stuck).
  1583 | D:3      | 1583 ||| Stepping randomly (stuck).
  1584 | D:3      | 1584 ||| Stepping randomly (stuck).
  1585 | D:3      | 1585 ||| Stepping randomly (stuck).
  1586 | D:3      | 1586 ||| Stepping randomly (stuck).
  1587 | D:3      | 1587 ||| Stepping randomly (stuck).
  1588 | D:3      | 1588 ||| Stepping randomly (stuck).
  1589 | D:3      | 1589 ||| Stepping randomly (stuck).
  1590 | D:3      | 1590 ||| Stepping randomly (stuck).
  1591 | D:3      | 1591 ||| Stepping randomly (stuck).
  1592 | D:3      | 1592 ||| Stepping randomly (stuck).
  1593 | D:3      | 1593 ||| Stepping randomly (stuck).
  1594 | D:3      | 1594 ||| Stepping randomly (stuck).
  1595 | D:3      | 1595 ||| Stepping randomly (stuck).
  1596 | D:3      | 1596 ||| Stepping randomly (stuck).
  1597 | D:3      | 1597 ||| Stepping randomly (stuck).
  1598 | D:3      | 1598 ||| Stepping randomly (stuck).
  1599 | D:3      | 1599 ||| Stepping randomly (stuck).
  1600 | D:3      | 1600 ||| Stepping randomly (stuck).
  1601 | D:3      | 1601 ||| Stepping randomly (stuck).
  1602 | D:3      | 1602 ||| Stepping randomly (stuck).
  1603 | D:3      | 1603 ||| Stepping randomly (stuck).
  1604 | D:3      | 1604 ||| Stepping randomly (stuck).
  1605 | D:3      | 1605 ||| Stepping randomly (stuck).
  1606 | D:3      | 1606 ||| Stepping randomly (stuck).
  1607 | D:3      | 1607 ||| Stepping randomly (stuck).
  1608 | D:3      | 1608 ||| Stepping randomly (stuck).
  1609 | D:3      | 1609 ||| Stepping randomly (stuck).
  1610 | D:3      | 1610 ||| Stepping randomly (stuck).
  1611 | D:3      | 1611 ||| Stepping randomly (stuck).
  1612 | D:3      | 1612 ||| Stepping randomly (stuck).
  1613 | D:3      | 1613 ||| Stepping randomly (stuck).
  1614 | D:3      | 1614 ||| Stepping randomly (stuck).
  1615 | D:3      | 1615 ||| Stepping randomly (stuck).
  1616 | D:3      | 1616 ||| Stepping randomly (stuck).
  1617 | D:3      | 1617 ||| Stepping randomly (stuck).
  1618 | D:3      | 1618 ||| Stepping randomly (stuck).
  1619 | D:3      | 1619 ||| Stepping randomly (stuck).
  1620 | D:3      | 1620 ||| Stepping randomly (stuck).
  1621 | D:3      | 1621 ||| Stepping randomly (stuck).
  1622 | D:3      | 1622 ||| Stepping randomly (stuck).
  1623 | D:3      | 1623 ||| Stepping randomly (stuck).
  1624 | D:3      | 1624 ||| Stepping randomly (stuck).
  1625 | D:3      | 1625 ||| Stepping randomly (stuck).
  1626 | D:3      | 1626 ||| Stepping randomly (stuck).
  1627 | D:3      | 1627 ||| Stepping randomly (stuck).
  1628 | D:3      | 1628 ||| Stepping randomly (stuck).
  1629 | D:3      | 1629 ||| Stepping randomly (stuck).
  1630 | D:3      | 1630 ||| Stepping randomly (stuck).
  1631 | D:3      | 1631 ||| Stepping randomly (stuck).
  1632 | D:3      | 1632 ||| Stepping randomly (stuck).
  1633 | D:3      | 1633 ||| Stepping randomly (stuck).
  1634 | D:3      | 1634 ||| Stepping randomly (stuck).
  1635 | D:3      | 1635 ||| Stepping randomly (stuck).
  1636 | D:3      | 1636 ||| Stepping randomly (stuck).
  1637 | D:3      | 1637 ||| Stepping randomly (stuck).
  1638 | D:3      | 1638 ||| Stepping randomly (stuck).
  1639 | D:3      | 1639 ||| Stepping randomly (stuck).
  1640 | D:3      | 1640 ||| Stepping randomly (stuck).
  1641 | D:3      | 1641 ||| Stepping randomly (stuck).
  1642 | D:3      | 1642 ||| Stepping randomly (stuck).
  1643 | D:3      | 1643 ||| Stepping randomly (stuck).
  1644 | D:3      | 1644 ||| Stepping randomly (stuck).
  1645 | D:3      | 1645 ||| Stepping randomly (stuck).
  1646 | D:3      | 1646 ||| Stepping randomly (stuck).
  1647 | D:3      | 1647 ||| Stepping randomly (stuck).
  1648 | D:3      | 1648 ||| Stepping randomly (stuck).
  1649 | D:3      | 1649 ||| Stepping randomly (stuck).
  1650 | D:3      | 1650 ||| Stepping randomly (stuck).
  1651 | D:3      | 1651 ||| Stepping randomly (stuck).
  1652 | D:3      | 1652 ||| Stepping randomly (stuck).
  1653 | D:3      | 1653 ||| Stepping randomly (stuck).
  1654 | D:3      | 1654 ||| Stepping randomly (stuck).
  1655 | D:3      | 1655 ||| Stepping randomly (stuck).
  1656 | D:3      | 1656 ||| Stepping randomly (stuck).
  1657 | D:3      | 1657 ||| Stepping randomly (stuck).
  1658 | D:3      | 1658 ||| Stepping randomly (stuck).
  1659 | D:3      | 1659 ||| Stepping randomly (stuck).
  1660 | D:3      | 1660 ||| Stepping randomly (stuck).
  1661 | D:3      | 1661 ||| Stepping randomly (stuck).
  1662 | D:3      | 1662 ||| Stepping randomly (stuck).
  1663 | D:3      | 1663 ||| Stepping randomly (stuck).
  1664 | D:3      | 1664 ||| Stepping randomly (stuck).
  1665 | D:3      | 1665 ||| Stepping randomly (stuck).
  1666 | D:3      | 1666 ||| Stepping randomly (stuck).
  1667 | D:3      | 1667 ||| Stepping randomly (stuck).
  1668 | D:3      | 1668 ||| Stepping randomly (stuck).
  1669 | D:3      | 1669 ||| Stepping randomly (stuck).
  1670 | D:3      | 1670 ||| Stepping randomly (stuck).
  1671 | D:3      | 1671 ||| Stepping randomly (stuck).
  1672 | D:3      | 1672 ||| Stepping randomly (stuck).
  1673 | D:3      | 1673 ||| Stepping randomly (stuck).
  1674 | D:3      | 1674 ||| Stepping randomly (stuck).
  1675 | D:3      | 1675 ||| Stepping randomly (stuck).
  1676 | D:3      | 1676 ||| Stepping randomly (stuck).
  1677 | D:3      | 1677 ||| Stepping randomly (stuck).
  1678 | D:3      | 1678 ||| Stepping randomly (stuck).
  1679 | D:3      | 1679 ||| Stepping randomly (stuck).
  1680 | D:3      | 1680 ||| Stepping randomly (stuck).
  1681 | D:3      | 1681 ||| Stepping randomly (stuck).
  1682 | D:3      | 1682 ||| Stepping randomly (stuck).
  1683 | D:3      | 1683 ||| Stepping randomly (stuck).
  1684 | D:3      | 1684 ||| Stepping randomly (stuck).
  1685 | D:3      | 1685 ||| Stepping randomly (stuck).
  1686 | D:3      | 1686 ||| Stepping randomly (stuck).
  1687 | D:3      | 1687 ||| Stepping randomly (stuck).
  1688 | D:3      | 1688 ||| Stepping randomly (stuck).
  1689 | D:3      | 1689 ||| Stepping randomly (stuck).
  1690 | D:3      | 1690 ||| Stepping randomly (stuck).
  1691 | D:3      | 1691 ||| Stepping randomly (stuck).
  1692 | D:3      | 1692 ||| Stepping randomly (stuck).
  1693 | D:3      | 1693 ||| Stepping randomly (stuck).
  1694 | D:3      | 1694 ||| Stepping randomly (stuck).
  1695 | D:3      | 1695 ||| Stepping randomly (stuck).
  1696 | D:3      | 1696 ||| Stepping randomly (stuck).
  1697 | D:3      | 1697 ||| Stepping randomly (stuck).
  1698 | D:3      | 1698 ||| Stepping randomly (stuck).
  1699 | D:3      | 1699 ||| Stepping randomly (stuck).
  1700 | D:3      | 1700 ||| Stepping randomly (stuck).
  1701 | D:3      | 1701 ||| Stepping randomly (stuck).
  1702 | D:3      | 1702 ||| Stepping randomly (stuck).
  1703 | D:3      | 1703 ||| Stepping randomly (stuck).
  1704 | D:3      | 1704 ||| Stepping randomly (stuck).
  1705 | D:3      | 1705 ||| Stepping randomly (stuck).
  1706 | D:3      | 1706 ||| Stepping randomly (stuck).
  1707 | D:3      | 1707 ||| Stepping randomly (stuck).
  1708 | D:3      | 1708 ||| Stepping randomly (stuck).
  1709 | D:3      | 1709 ||| Stepping randomly (stuck).
  1710 | D:3      | 1710 ||| Stepping randomly (stuck).
  1711 | D:3      | 1711 ||| Stepping randomly (stuck).
  1712 | D:3      | 1712 ||| Stepping randomly (stuck).
  1713 | D:3      | 1713 ||| Stepping randomly (stuck).
  1714 | D:3      | 1714 ||| Stepping randomly (stuck).
  1715 | D:3      | 1715 ||| Stepping randomly (stuck).
  1716 | D:3      | 1716 ||| Stepping randomly (stuck).
  1717 | D:3      | 1717 ||| Stepping randomly (stuck).
  1718 | D:3      | 1718 ||| Stepping randomly (stuck).
  1719 | D:3      | 1719 ||| Stepping randomly (stuck).
  1720 | D:3      | 1720 ||| Stepping randomly (stuck).
  1721 | D:3      | 1721 ||| Stepping randomly (stuck).
  1722 | D:3      | 1722 ||| Stepping randomly (stuck).
  1723 | D:3      | 1723 ||| Stepping randomly (stuck).
  1724 | D:3      | 1724 ||| Stepping randomly (stuck).
  1725 | D:3      | 1725 ||| Stepping randomly (stuck).
  1726 | D:3      | 1726 ||| Stepping randomly (stuck).
  1727 | D:3      | 1727 ||| Stepping randomly (stuck).
  1728 | D:3      | 1728 ||| Stepping randomly (stuck).
  1729 | D:3      | 1729 ||| Stepping randomly (stuck).
  1730 | D:3      | 1730 ||| Stepping randomly (stuck).
  1731 | D:3      | 1731 ||| Stepping randomly (stuck).
  1732 | D:3      | 1732 ||| Stepping randomly (stuck).
  1733 | D:3      | 1733 ||| Stepping randomly (stuck).
  1734 | D:3      | 1734 ||| Stepping randomly (stuck).
  1735 | D:3      | 1735 ||| Stepping randomly (stuck).
  1736 | D:3      | 1736 ||| Stepping randomly (stuck).
  1737 | D:3      | 1737 ||| Stepping randomly (stuck).
  1738 | D:3      | 1738 ||| Stepping randomly (stuck).
  1739 | D:3      | 1739 ||| Stepping randomly (stuck).
  1740 | D:3      | 1740 ||| Stepping randomly (stuck).
  1741 | D:3      | 1741 ||| Stepping randomly (stuck).
  1742 | D:3      | 1742 ||| Stepping randomly (stuck).
  1743 | D:3      | 1743 ||| Stepping randomly (stuck).
  1744 | D:3      | 1744 ||| Stepping randomly (stuck).
  1745 | D:3      | 1745 ||| Stepping randomly (stuck).
  1746 | D:3      | 1746 ||| Stepping randomly (stuck).
  1747 | D:3      | 1747 ||| Stepping randomly (stuck).
  1748 | D:3      | 1748 ||| Stepping randomly (stuck).
  1749 | D:3      | 1749 ||| Stepping randomly (stuck).
  1750 | D:3      | 1750 ||| Stepping randomly (stuck).
  1751 | D:3      | 1751 ||| Stepping randomly (stuck).
  1752 | D:3      | 1752 ||| Stepping randomly (stuck).
  1753 | D:3      | 1753 ||| Stepping randomly (stuck).
  1754 | D:3      | 1754 ||| Stepping randomly (stuck).
  1755 | D:3      | 1755 ||| Stepping randomly (stuck).
  1756 | D:3      | 1756 ||| Stepping randomly (stuck).
  1757 | D:3      | 1757 ||| Stepping randomly (stuck).
  1758 | D:3      | 1758 ||| Stepping randomly (stuck).
  1759 | D:3      | 1759 ||| Stepping randomly (stuck).
  1760 | D:3      | 1760 ||| Stepping randomly (stuck).
  1761 | D:3      | 1761 ||| Stepping randomly (stuck).
  1762 | D:3      | 1762 ||| Stepping randomly (stuck).
  1763 | D:3      | 1763 ||| Stepping randomly (stuck).
  1764 | D:3      | 1764 ||| Stepping randomly (stuck).
  1765 | D:3      | 1765 ||| Stepping randomly (stuck).
  1766 | D:3      | 1766 ||| Stepping randomly (stuck).
  1767 | D:3      | 1767 ||| Stepping randomly (stuck).
  1768 | D:3      | 1768 ||| Stepping randomly (stuck).
  1769 | D:3      | 1769 ||| Stepping randomly (stuck).
  1770 | D:3      | 1770 ||| Stepping randomly (stuck).
  1771 | D:3      | 1771 ||| Stepping randomly (stuck).
  1772 | D:3      | 1772 ||| Stepping randomly (stuck).
  1773 | D:3      | 1773 ||| Stepping randomly (stuck).
  1774 | D:3      | 1774 ||| Stepping randomly (stuck).
  1775 | D:3      | 1775 ||| Stepping randomly (stuck).
  1776 | D:3      | 1776 ||| Stepping randomly (stuck).
  1777 | D:3      | 1777 ||| Stepping randomly (stuck).
  1778 | D:3      | 1778 ||| Stepping randomly (stuck).
  1779 | D:3      | 1779 ||| Stepping randomly (stuck).
  1780 | D:3      | 1780 ||| Stepping randomly (stuck).
  1781 | D:3      | 1781 ||| Stepping randomly (stuck).
  1782 | D:3      | 1782 ||| Stepping randomly (stuck).
  1783 | D:3      | 1783 ||| Stepping randomly (stuck).
  1784 | D:3      | 1784 ||| Stepping randomly (stuck).
  1785 | D:3      | 1785 ||| Stepping randomly (stuck).
  1786 | D:3      | 1786 ||| Stepping randomly (stuck).
  1787 | D:3      | 1787 ||| Stepping randomly (stuck).
  1788 | D:3      | 1788 ||| Stepping randomly (stuck).
  1789 | D:3      | 1789 ||| Stepping randomly (stuck).
  1790 | D:3      | 1790 ||| Stepping randomly (stuck).
  1791 | D:3      | 1791 ||| Stepping randomly (stuck).
  1792 | D:3      | 1792 ||| Stepping randomly (stuck).
  1793 | D:3      | 1793 ||| Stepping randomly (stuck).
  1794 | D:3      | 1794 ||| Stepping randomly (stuck).
  1795 | D:3      | 1795 ||| Stepping randomly (stuck).
  1796 | D:3      | 1796 ||| Stepping randomly (stuck).
  1797 | D:3      | 1797 ||| Stepping randomly (stuck).
  1798 | D:3      | 1798 ||| Stepping randomly (stuck).
  1799 | D:3      | 1799 ||| Stepping randomly (stuck).
  1800 | D:3      | 1800 ||| Stepping randomly (stuck).
  1801 | D:3      | 1801 ||| Stepping randomly (stuck).
  1802 | D:3      | 1802 ||| Stepping randomly (stuck).
  1803 | D:3      | 1803 ||| Stepping randomly (stuck).
  1804 | D:3      | 1804 ||| Stepping randomly (stuck).
  1805 | D:3      | 1805 ||| Stepping randomly (stuck).
  1806 | D:3      | 1806 ||| Stepping randomly (stuck).
  1807 | D:3      | 1807 ||| Stepping randomly (stuck).
  1808 | D:3      | 1808 ||| Stepping randomly (stuck).
  1809 | D:3      | 1809 ||| Stepping randomly (stuck).
  1810 | D:3      | 1810 ||| Stepping randomly (stuck).
  1811 | D:3      | 1811 ||| Stepping randomly (stuck).
  1812 | D:3      | 1812 ||| Stepping randomly (stuck).
  1813 | D:3      | 1813 ||| Stepping randomly (stuck).
  1814 | D:3      | 1814 ||| Stepping randomly (stuck).
  1815 | D:3      | 1815 ||| Stepping randomly (stuck).
  1816 | D:3      | 1816 ||| Stepping randomly (stuck).
  1817 | D:3      | 1817 ||| Stepping randomly (stuck).
  1818 | D:3      | 1818 ||| Stepping randomly (stuck).
  1819 | D:3      | 1819 ||| Stepping randomly (stuck).
  1820 | D:3      | 1820 ||| Stepping randomly (stuck).
  1821 | D:3      | 1821 ||| Stepping randomly (stuck).
  1822 | D:3      | 1822 ||| Stepping randomly (stuck).
  1823 | D:3      | 1823 ||| Stepping randomly (stuck).
  1824 | D:3      | 1824 ||| Stepping randomly (stuck).
  1825 | D:3      | 1825 ||| Stepping randomly (stuck).
  1826 | D:3      | 1826 ||| Stepping randomly (stuck).
  1827 | D:3      | 1827 ||| Stepping randomly (stuck).
  1828 | D:3      | 1828 ||| Stepping randomly (stuck).
  1829 | D:3      | 1829 ||| Stepping randomly (stuck).
  1830 | D:3      | 1830 ||| Stepping randomly (stuck).
  1831 | D:3      | 1831 ||| Stepping randomly (stuck).
  1832 | D:3      | 1832 ||| Stepping randomly (stuck).
  1833 | D:3      | 1833 ||| Stepping randomly (stuck).
  1834 | D:3      | 1834 ||| Stepping randomly (stuck).
  1835 | D:3      | 1835 ||| Stepping randomly (stuck).
  1836 | D:3      | 1836 ||| Stepping randomly (stuck).
  1837 | D:3      | 1837 ||| Stepping randomly (stuck).
  1838 | D:3      | 1838 ||| Stepping randomly (stuck).
  1839 | D:3      | 1839 ||| Stepping randomly (stuck).
  1840 | D:3      | 1840 ||| Stepping randomly (stuck).
  1841 | D:3      | 1841 ||| Stepping randomly (stuck).
  1842 | D:3      | 1842 ||| Stepping randomly (stuck).
  1843 | D:3      | 1843 ||| Stepping randomly (stuck).
  1844 | D:3      | 1844 ||| Stepping randomly (stuck).
  1845 | D:3      | 1845 ||| Stepping randomly (stuck).
  1846 | D:3      | 1846 ||| Stepping randomly (stuck).
  1847 | D:3      | 1847 ||| Stepping randomly (stuck).
  1848 | D:3      | 1848 ||| Stepping randomly (stuck).
  1849 | D:3      | 1849 ||| Stepping randomly (stuck).
  1850 | D:3      | 1850 ||| Stepping randomly (stuck).
  1851 | D:3      | 1851 ||| Stepping randomly (stuck).
  1852 | D:3      | 1852 ||| Stepping randomly (stuck).
  1853 | D:3      | 1853 ||| Stepping randomly (stuck).
  1854 | D:3      | 1854 ||| Stepping randomly (stuck).
  1855 | D:3      | 1855 ||| Stepping randomly (stuck).
  1856 | D:3      | 1856 ||| Stepping randomly (stuck).
  1857 | D:3      | 1857 ||| Stepping randomly (stuck).
  1858 | D:3      | 1858 ||| Stepping randomly (stuck).
  1859 | D:3      | 1859 ||| Stepping randomly (stuck).
  1860 | D:3      | 1860 ||| Stepping randomly (stuck).
  1861 | D:3      | 1861 ||| Stepping randomly (stuck).
  1862 | D:3      | 1862 ||| Stepping randomly (stuck).
  1863 | D:3      | 1863 ||| Stepping randomly (stuck).
  1864 | D:3      | 1864 ||| Stepping randomly (stuck).
  1865 | D:3      | 1865 ||| Stepping randomly (stuck).
  1866 | D:3      | 1866 ||| Stepping randomly (stuck).
  1867 | D:3      | 1867 ||| Stepping randomly (stuck).
  1868 | D:3      | 1868 ||| Stepping randomly (stuck).
  1869 | D:3      | 1869 ||| Stepping randomly (stuck).
  1870 | D:3      | 1870 ||| Stepping randomly (stuck).
  1871 | D:3      | 1871 ||| Stepping randomly (stuck).
  1872 | D:3      | 1872 ||| Stepping randomly (stuck).
  1873 | D:3      | 1873 ||| Stepping randomly (stuck).
  1874 | D:3      | 1874 ||| Stepping randomly (stuck).
  1875 | D:3      | 1875 ||| Stepping randomly (stuck).
  1876 | D:3      | 1876 ||| Stepping randomly (stuck).
  1877 | D:3      | 1877 ||| Stepping randomly (stuck).
  1878 | D:3      | 1878 ||| Stepping randomly (stuck).
  1879 | D:3      | 1879 ||| Stepping randomly (stuck).
  1880 | D:3      | 1880 ||| Stepping randomly (stuck).
  1881 | D:3      | 1881 ||| Stepping randomly (stuck).
  1882 | D:3      | 1882 ||| Stepping randomly (stuck).
  1883 | D:3      | 1883 ||| Stepping randomly (stuck).
  1884 | D:3      | 1884 ||| Stepping randomly (stuck).
  1885 | D:3      | 1885 ||| Stepping randomly (stuck).
  1886 | D:3      | 1886 ||| Stepping randomly (stuck).
  1887 | D:3      | 1887 ||| Stepping randomly (stuck).
  1888 | D:3      | 1888 ||| Stepping randomly (stuck).
  1889 | D:3      | 1889 ||| Stepping randomly (stuck).
  1890 | D:3      | 1890 ||| Stepping randomly (stuck).
  1891 | D:3      | 1891 ||| Stepping randomly (stuck).
  1892 | D:3      | 1892 ||| Stepping randomly (stuck).
  1893 | D:3      | 1893 ||| Stepping randomly (stuck).
  1894 | D:3      | 1894 ||| Stepping randomly (stuck).
  1895 | D:3      | 1895 ||| Stepping randomly (stuck).
  1896 | D:3      | 1896 ||| Stepping randomly (stuck).
  1897 | D:3      | 1897 ||| Stepping randomly (stuck).
  1898 | D:3      | 1898 ||| Stepping randomly (stuck).
  1899 | D:3      | 1899 ||| Stepping randomly (stuck).
  1900 | D:3      | 1900 ||| Stepping randomly (stuck).
  1901 | D:3      | 1901 ||| Stepping randomly (stuck).
  1902 | D:3      | 1902 ||| Stepping randomly (stuck).
  1903 | D:3      | 1903 ||| Stepping randomly (stuck).
  1904 | D:3      | 1904 ||| Stepping randomly (stuck).
  1905 | D:3      | 1905 ||| Stepping randomly (stuck).
  1906 | D:3      | 1906 ||| Stepping randomly (stuck).
  1907 | D:3      | 1907 ||| Stepping randomly (stuck).
  1908 | D:3      | 1908 ||| Stepping randomly (stuck).
  1909 | D:3      | 1909 ||| Stepping randomly (stuck).
  1910 | D:3      | 1910 ||| Stepping randomly (stuck).
  1911 | D:3      | 1911 ||| Stepping randomly (stuck).
  1912 | D:3      | 1912 ||| Stepping randomly (stuck).
  1913 | D:3      | 1913 ||| Stepping randomly (stuck).
  1914 | D:3      | 1914 ||| Stepping randomly (stuck).
  1915 | D:3      | 1915 ||| Stepping randomly (stuck).
  1916 | D:3      | 1916 ||| Stepping randomly (stuck).
  1917 | D:3      | 1917 ||| Stepping randomly (stuck).
  1918 | D:3      | 1918 ||| Stepping randomly (stuck).
  1919 | D:3      | 1919 ||| Stepping randomly (stuck).
  1920 | D:3      | 1920 ||| Stepping randomly (stuck).
  1921 | D:3      | 1921 ||| Stepping randomly (stuck).
  1922 | D:3      | 1922 ||| Stepping randomly (stuck).
  1923 | D:3      | 1923 ||| Stepping randomly (stuck).
  1924 | D:3      | 1924 ||| Stepping randomly (stuck).
  1925 | D:3      | 1925 ||| Stepping randomly (stuck).
  1926 | D:3      | 1926 ||| Stepping randomly (stuck).
  1927 | D:3      | 1927 ||| Stepping randomly (stuck).
  1928 | D:3      | 1928 ||| Stepping randomly (stuck).
  1929 | D:3      | 1929 ||| Stepping randomly (stuck).
  1930 | D:3      | 1930 ||| Stepping randomly (stuck).
  1931 | D:3      | 1931 ||| Stepping randomly (stuck).
  1932 | D:3      | 1932 ||| Stepping randomly (stuck).
  1933 | D:3      | 1933 ||| Stepping randomly (stuck).
  1934 | D:3      | 1934 ||| Stepping randomly (stuck).
  1935 | D:3      | 1935 ||| Stepping randomly (stuck).
  1936 | D:3      | 1936 ||| Stepping randomly (stuck).
  1937 | D:3      | 1937 ||| Stepping randomly (stuck).
  1938 | D:3      | 1938 ||| Stepping randomly (stuck).
  1939 | D:3      | 1939 ||| Stepping randomly (stuck).
  1940 | D:3      | 1940 ||| Stepping randomly (stuck).
  1941 | D:3      | 1941 ||| Stepping randomly (stuck).
  1942 | D:3      | 1942 ||| Stepping randomly (stuck).
  1943 | D:3      | 1943 ||| Stepping randomly (stuck).
  1944 | D:3      | 1944 ||| Stepping randomly (stuck).
  1945 | D:3      | 1945 ||| Stepping randomly (stuck).
  1946 | D:3      | 1946 ||| Stepping randomly (stuck).
  1947 | D:3      | 1947 ||| Stepping randomly (stuck).
  1948 | D:3      | 1948 ||| Stepping randomly (stuck).
  1949 | D:3      | 1949 ||| Stepping randomly (stuck).
  1950 | D:3      | 1950 ||| Stepping randomly (stuck).
  1951 | D:3      | 1951 ||| Stepping randomly (stuck).
  1952 | D:3      | 1952 ||| Stepping randomly (stuck).
  1953 | D:3      | 1953 ||| Stepping randomly (stuck).
  1954 | D:3      | 1954 ||| Stepping randomly (stuck).
  1955 | D:3      | 1955 ||| Stepping randomly (stuck).
  1956 | D:3      | 1956 ||| Stepping randomly (stuck).
  1957 | D:3      | 1957 ||| Stepping randomly (stuck).
  1958 | D:3      | 1958 ||| Stepping randomly (stuck).
  1959 | D:3      | 1959 ||| Stepping randomly (stuck).
  1960 | D:3      | 1960 ||| Stepping randomly (stuck).
  1961 | D:3      | 1961 ||| Stepping randomly (stuck).
  1962 | D:3      | 1962 ||| Stepping randomly (stuck).
  1963 | D:3      | 1963 ||| Stepping randomly (stuck).
  1964 | D:3      | 1964 ||| Stepping randomly (stuck).
  1965 | D:3      | 1965 ||| Stepping randomly (stuck).
  1966 | D:3      | 1966 ||| Stepping randomly (stuck).
  1967 | D:3      | 1967 ||| Stepping randomly (stuck).
  1968 | D:3      | 1968 ||| Stepping randomly (stuck).
  1969 | D:3      | 1969 ||| Stepping randomly (stuck).
  1970 | D:3      | 1970 ||| Stepping randomly (stuck).
  1971 | D:3      | 1971 ||| Stepping randomly (stuck).
  1972 | D:3      | 1972 ||| Stepping randomly (stuck).
  1973 | D:3      | 1973 ||| Stepping randomly (stuck).
  1974 | D:3      | 1974 ||| Stepping randomly (stuck).
  1975 | D:3      | 1975 ||| Stepping randomly (stuck).
  1976 | D:3      | 1976 ||| Stepping randomly (stuck).
  1977 | D:3      | Quit the game

Levels and vault maps discovered:
D:1:      dpeg_arrival_radiant, layout_rooms,
          hellmonk_ecumenical_altar_pennies_from_heaven, minmay_pentomino_w2
D:2:      layout_basic
D:3:      layout_basic, mainiacjoe_overflow_brackets, serial_shops, shop

Skill      XL: |  1  2  3 |
---------------+----------+-----
Ranged Weapons | 6 7 |  7.1
Fighting       | |  1.5
Dodging        | |  2.4
Stealth        | |  1.2

Action                     || total
---------------------------++-------
   Fire: Shortbow          ||    80
    Use: Scroll            ||     5
 Armour: Leather armour    ||     2
         Ring mail         ||     5
  Dodge: Dodged            ||    11

Table legend:
 A = Non-vault XP
 B = Vault XP
 C = Vault XP percentage of total XP
 D = Non-vault monster count
 E = Vault monster count
 F = Vault count percentage of total count
                 A         B        C        D         E       F
            +---------+---------+-------+---------+---------+-------
      Total |      70 |       2 |   2.8 |      33 |       1 |   2.9
            +---------+---------+-------+---------+---------+-------
        D:1 |      27 |       2 |   6.9 |      16 |       1 |   5.9
        D:2 |      39 |       0 |   0.0 |      15 |       0 |   0.0
        D:3 |       4 |       0 |   0.0 |       2 |       0 |   0.0
            +---------+---------+-------+---------+---------+-------
